 Dungeon Crawl Stone Soup version 0.19-a0-1508-g2ac1aae (webtiles) character file.

11608 Banto the Carver (level 11, -1/81 HPs)
             Began as a High Elf Skald on Sept 11, 2016.
             Was a High Priest of Okawaru.
             Slain by a meliai
             ... wielding a +0 war axe
              (5 damage)
             ... on level 10 of the Dungeon.
             The game lasted 00:28:37 (11445 turns).

Banto the Carver (High Elf Skald)                  Turns: 11445, Time: 00:28:37

Health: -1/81      AC:  8    Str: 14    XL:     11   Next: 51%
Magic:  15/15      EV: 17    Int: 16    God:    Okawaru [*****.]
Gold:   278        SH:  7    Dex: 25    Spells: 3 memorised, 8 levels left

rFire  . . .     SeeInvis .     a - +2 scimitar (flame)
rCold  . . .     Gourm    .     K - +1 leather armour {MR+}
rNeg   . . .     Faith    .     f - +0 buckler
rPois  +         Spirit   .     (helmet restricted)
rElec  +         Dismiss  .     p - +1 cloak {rPois}
rCorr  .         Reflect  .     F - +0 pair of gloves {Dex+3}
MR     ++...     Harm     .     D - +2 pair of boots
Stlth  ++........ Rnd*Rage +    (no amulet)
                                h - -2 ring of evasion (curse)
                                B - +4 ring of dexterity

@: no status effects
A: horns 1, berserk 1, deformed body, electricity resistance, strong 1
a: Heroism, Finesse, Renounce Religion


You were on level 10 of the Dungeon.
You worshipped Okawaru.
Okawaru was extremely pleased with you.
You were hungry.

You visited 2 branches of the dungeon, and saw 11 of its levels.

You collected 413 gold pieces.
You spent 135 gold pieces at shops.

Inventory:

Hand Weapons
 a - a +2 scimitar of flaming (weapon)
 b - a +0 blowgun
Missiles
 l - 65 poisoned needles
Armour
 f - a +0 buckler (worn)
 p - a +1 cloak of poison resistance (worn)
 D - a +2 pair of boots (worn)
 F - a +0 pair of gloves of dexterity (worn)
 K - a +1 leather armour of magic resistance (worn)
Jewellery
 c - an uncursed ring of protection from magic
 h - a cursed -2 ring of evasion (right hand)
 w - an uncursed ring of fire
 x - an uncursed ring of resist corrosion
 B - a +4 ring of dexterity (left hand)
 I - an uncursed ring of stealth
Wands
 M - a wand of confusion (31/48)
Scrolls
 e - 3 scrolls of enchant weapon
 g - 3 scrolls of identify
 o - 2 scrolls of teleportation
 s - 4 scrolls of remove curse
 u - 4 scrolls of fear
 y - a scroll of blinking
 C - 2 scrolls of enchant armour
Potions
 i - 2 potions of haste
 k - 4 potions of curing
 m - a potion of resistance
 n - a potion of magic
 q - a potion of lignification
 r - a potion of agility
 t - 3 potions of flight
 z - 2 potions of brilliance
 G - a potion of berserk rage
Comestibles
 d - 11 bread rations
 j - 4 meat rations
 v - 6 fruits
 A - 2 beef jerkies
 H - 5 chunks of flesh


   Skills:
 - Level 10.0 Fighting
 - Level 14.0 Long Blades
 - Level 0.8 Armour
 - Level 8.0 Dodging
 - Level 5.2 Shields
 - Level 2.4 Spellcasting
 - Level 3.6 Charms
 + Level 3.8 Invocations


You had 8 spell levels left.
You knew the following spells:

 Your Spells              Type           Power        Failure   Level  Hunger
a - Infusion              Chrm           ##..         8%          1    #......
b - Song of Slaying       Chrm           ##......     10%         2    ###....
c - Regeneration          Chrm/Necr      #.........   38%         3    ###....


Dungeon Overview and Level Annotations

Branches:
Dungeon (10/15)            Temple (1/1) D:4            Lair (0/6) D:9
    Orc: D:9-12

Altars:
Cheibriados
Fedhas
Kikubaaqudgha
Makhleb
Nemelex Xobeh
Okawaru
Ru
Sif Muna
Xom

Shops:
D:7 [

Annotations:
D:6 xsansara's ghost, novice MiBe


Innate Abilities, Weirdness & Mutations

You have a pair of small horns on your head.
You tend to lose your temper in combat.
Armour fits poorly on your strangely shaped body.
You are resistant to electric shocks. (rElec)
Your muscles are strong. (Str +2)


Message History

Aim: a meliai, wielding a war axe and wearing a robe (confused)
You throw a throwing net. The throwing net hits the meliai.
The meliai is caught in the net!
You are feeling hungry.
The meliai struggles against the net. x2
The meliai struggles against the net.
The net rips apart, and the meliai comes free!
You hit the meliai. You burn the meliai.
You headbutt the meliai, but do no damage.
The meliai is moderately wounded.
The meliai seems less confused.
The meliai barely misses you. The meliai stings you.
* * * LOW HITPOINT WARNING * * *
You take 2 damage, and have 9/81 hp.
You barely miss the meliai. You headbutt the meliai.
The meliai is moderately wounded.
The meliai misses you. The meliai stings you.
* * * LOW HITPOINT WARNING * * *
The meliai hits you with a war axe.
You die...

#......#.....#
#..>...#....
##......##)####
#######........)....#
#.....'.............#
#.....#............(#
+.....#.............#
#######.............#
...............y@...#
....................#
....................#
.......##############
.......# .......#
.......# .......#
.......#


You could see a meliai.

Vanquished Creatures
  Josephine (D:10)
  Erica (D:10)
  The ghost of Grim the Transmogrifier, a novice MfTm of Yredelemnul (D:7)
  A hill giant (D:10)
  A komodo dragon (D:9)
  2 meliai (D:10)
  16 yaks
  5 wraiths (D:9)
  2 hippogriffs
  3 orc warriors
  3 phantoms
  An ice beast (D:10)
  5 sky beasts
  8 ogres
  6 centaurs
  2 big kobolds
  5 giant frogs
  A water moccasin skeleton (D:6)
  2 scorpions
  9 killer bees
  5 wights (D:7)
  A jelly (D:9)
  A giant frog zombie (D:9)
  2 crimson imps
  A quasit (D:10)
  A wasp zombie (D:7)
  3 centaur skeletons
  2 giant frog skeletons (D:5)
  4 hounds
  5 orc priests
  5 orc wizards
  4 iguanas
  Jessica (D:3)
  Ijyb (D:2)
  4 worker ants
  2 killer bee zombies
  2 hound skeletons
  A worker ant zombie (D:7)
  4 gnolls
  11 adders
  3 shadow imps
  An ooze (D:5)
  3 adder skeletons
  4 worms
  4 dart slugs
  4 giant geckos
  29 orcs
  11 bats
  4 giant cockroaches
  5 goblins
  4 hobgoblins
  13 jackals
  20 kobolds
  3 quokkas
  A ball python (D:1)
  A giant gecko zombie (D:6)
  3 giant newts
  A jackal skeleton (D:4)
  3 rats (D:2)
  A plant (D:9)
253 creatures vanquished.

Vanquished Creatures (others)
  6 plants (D:9)
6 creatures vanquished.

Grand Total: 259 creatures vanquished

Notes
Turn   | Place    | Note
-------+----------+-------------------------------------------
     0 | D:1      | Banto the High Elf Skald began the quest for the Orb.
     0 | D:1      | Reached XP level 1. HP: 14/14 MP: 4/4
   468 | D:1      | Reached skill level 3 in Long Blades
   620 | D:1      | Reached XP level 2. HP: 5/19 MP: 0/6
  1181 | D:2      | Reached skill level 4 in Long Blades
  1236 | D:2      | Reached XP level 3. HP: 14/24 MP: 7/7
  1248 | D:2      | Found an iron altar of Okawaru.
  1339 | D:2      | Became a worshipper of Warmaster Okawaru
  1398 | D:2      | Noticed Ijyb
  1411 | D:2      | Killed Ijyb
  1413 | D:2      | Reached skill level 5 in Long Blades
  1566 | D:2      | Reached XP level 4. HP: 29/29 MP: 4/8
  2031 | D:3      | Noticed Jessica
  2038 | D:3      | Killed Jessica
  2038 | D:3      | Reached skill level 6 in Long Blades
  2063 | D:3      | Found a deep blue altar of Sif Muna.
  2236 | D:3      | Reached XP level 5. HP: 32/34 MP: 6/9
  2430 | D:3      | Learned a level 2 spell: Song of Slaying
  2434 | D:3      | Learned a level 3 spell: Regeneration
  2639 | D:4      | Reached skill level 7 in Long Blades
  3063 | D:4      | Found a shimmering altar of Xom.
  3063 | D:4      | Found a snail-covered altar of Cheibriados.
  3064 | D:4      | Found a blossoming altar of Fedhas.
  3088 | D:4      | Reached * piety under Okawaru
  3113 | D:4      | Found a staircase to the Ecumenical Temple.
  3179 | Temple   | Entered the Ecumenical Temple
  3195 | D:4      | Reached XP level 6. HP: 24/39 MP: 6/10
  3407 | D:4      | Reached skill level 8 in Long Blades
  3650 | D:5      | Entered Level 5 of the Dungeon
  3715 | D:4      | Reached skill level 9 in Long Blades
  4033 | D:4      | Reached XP level 7. HP: 12/45 MP: 0/11
  4293 | D:5      | Reached ** piety under Okawaru
  4293 | D:5      | Reached skill level 10 in Long Blades
  4625 | D:5      | Found a shimmering altar of Xom.
  4833 | D:5      | Found an ancient bone altar of Kikubaaqudgha.
  5270 | D:6      | Reached skill level 11 in Long Blades
  5277 | D:6      | Gained mutation: You have a pair of small horns on your head. [mutagenic meat]
  5283 | D:6      | Gained mutation: Your magical capacity is low. (-10% MP) [mutagenic meat]
  5286 | D:6      | Gained mutation: You are resistant to electric shocks. (rElec) [mutagenic meat]
  5289 | D:6      | Lost mutation: Your magical capacity is low. (-10% MP) [mutagenic meat]
  5292 | D:6      | Gained mutation: Your muscles are strong. (Str +2) [mutagenic meat]
  5511 | D:6      | Reached XP level 8. HP: 34/50 MP: 12/12
  5584 | D:6      | Gained mutation: Armour fits poorly on your strangely shaped body. [mutagenic meat]
  5719 | D:6      | Reached *** piety under Okawaru
  5719 | D:6      | Reached skill level 12 in Long Blades
  6061 | D:6      | Gained mutation: You tend to lose your temper in combat. [mutagenic meat]
  6062 | D:6      | Noticed xsansara's ghost (novice MiBe)
  6205 | D:7      | Noticed Grim's ghost (novice MfTm)
  6705 | D:7      | Killed Grim's ghost
  6705 | D:7      | Reached **** piety under Okawaru
  6705 | D:7      | Reached skill level 5 in Fighting
  6705 | D:7      | Reached skill level 5 in Dodging
  6705 | D:7      | Reached XP level 9. HP: 12/61 MP: 8/13
  7171 | D:7      | Found Ketu's Antique Armour Boutique.
  7352 | D:7      | Bought a pair of runed gloves for 135 gold pieces
  8707 | D:8      | Reached XP level 10. HP: 71/71 MP: 14/14
  9083 | D:8      | Found a burning altar of Makhleb.
  9156 | D:8      | Reached ***** piety under Okawaru
  9352 | D:9      | Received a gift from Okawaru
  9352 | D:9      | Reached skill level 1 in Shields
 10092 | D:9      | Received a gift from Okawaru
 10183 | D:9      | Found a sacrificial altar of Ru.
 10395 | D:9      | Found a staircase to the Lair.
 10613 | D:10     | Entered Level 10 of the Dungeon
 10701 | D:10     | Noticed Erica
 10712 | D:10     | Killed Erica
 10712 | D:10     | Reached skill level 5 in Shields
 10796 | D:10     | Noticed a hill giant
 10810 | D:10     | Reached XP level 11. HP: 81/81 MP: 15/15
 10833 | D:10     | Killed a hill giant
 10833 | D:10     | Reached skill level 10 in Fighting
 10914 | D:10     | Noticed Josephine
 10932 | D:9      | Reached skill level 13 in Long Blades
 11042 | D:10     | Killed Josephine
 11379 | D:10     | Reached skill level 14 in Long Blades
 11382 | D:10     | Reached skill level 1 in Invocations
 11445 | D:10     | HP: 4/81 [meliai/war axe (5)]
 11445 | D:10     | Slain by a meliai

Vault maps used:
D:1:      zelgadis_glass_arrival_large, minmay_tall_x
D:2:      okawaru_trees_2, uniq_iyjb
D:3:      kennysheep_six_static_rooms, tgw_sif, st_stairs_13
D:4:      gammafunk_temple_overflow_claw, first_bread, minmay_misc_feat_pillars,
          corexii_shack
D:5:      nicolae_overflow_crystal_walls, tgw_xom
D:7:      serial_shops, shop
D:8:      kennysheep_mini
D:9:      nicolae_ru_awakened_eye, david_lair_shrubbed
D:10:     uniq_josephine, uniq_erica
Temple:   dshaligram_water_room_temple

Skill      XL: |  1  2  3  4  5  6  7  8  9 10 11 |
---------------+----------------------------------+-----
Long Blades    | 3 4 5 6 7 9 11 12 14 | 14.0
Dodging        | 5 7 8 |  8.0
Fighting       | 5 7 9 10 | 10.0
Shields        | 5 |  5.2
Invocations    | 3 |  3.8
Armour         | |  0.8
Spellcasting   | |  2.4
Charms         | |  3.6

Action                   |  1- 3 |  4- 6 |  7- 9 | 10-12 || total
-------------------------+-------+-------+-------+-------++-------
Melee: Falchion          |    54 |    15 |    84 |       ||   153
       Dagger            |    53 |   199 |   401 |   348 ||  1001
       Headbutt          |       |       |   100 |   154 ||   254
       Punch             |       |       |     1 |       ||     1
       Scimitar          |       |       |       |   120 ||   120
 Fire: Blowgun           |       |       |       |     7 ||     7
Throw: Throwing net      |       |       |       |     3 ||     3
 Cast: Infusion          |     8 |    16 |    14 |     6 ||    44
       Song of Slaying   |       |       |     3 |     5 ||     8
Invok: Heroism           |       |     1 |     3 |     1 ||     5
Evoke: Wand              |       |     1 |     7 |     8 ||    16
  Use: Scroll            |     4 |     8 |     5 |     2 ||    19
       Potion            |       |     1 |       |       ||     1
 Stab: Sleeping          |     1 |     3 |     6 |     6 ||    16
       Paralysed         |       |     2 |     4 |       ||     6
       Distracted        |       |       |       |     1 ||     1
  Eat: Chunk             |     2 |     8 |    23 |    13 ||    46
Armor: Leather armour    |    22 |    53 |    72 |    47 ||   194
Dodge: Dodged            |    56 |    93 |   206 |   238 ||   593
Block: Buckler           |       |       |       |    63 ||    63

Table legend:
 A = Turns spent in this place as a percentage of turns spent in the entire game.
 B = Non-inter-level travel turns spent in this place as a percentage of non-inter-level travel turns spent in the entire game.
 C = Inter-level travel turns spent in this place as a percentage of turns spent in this place.
 D = Turns resting spent in this place as a percentage of non-inter-level travel turns spent in this place.
 E = Turns spent auto-exploring this place as a percentage of non-inter-level travel turns spent in this place.
 F = Non-inter-level travel turns spent in this place divided by the number of levels of this place that you've seen.
                   A       B       C       D       E      F
               +-------+-------+-------+-------+-------+----------------------
         Total | 100.0 | 100.0 |   0.4 |   4.2 |   7.1 | 346.1
       Dungeon |  99.8 |  99.8 |   0.4 |   4.0 |   7.2 | 380.1
        Temple |   0.2 |   0.2 |   0.0 |  83.3 |   0.0 |   6.0
               +-------+-------+-------+-------+-------+----------------------

Table legend:
 A = Kills in this place as a percentage of kills in entire the game.
 B = Kills by you in this place as a percentage of kills by you in the entire game.
 C = Kills by friends in this place as a percentage of kills by friends in the entire game.
 D = Other kills in this place as a percentage of other kills in the entire game.
 E = Experience gained in this place as a percentage of experience gained in the entire game.
 F = Experience gained in this place divided by the number of levels of this place that you have seen.
                   A       B       C       D       E      F
               +-------+-------+-------+-------+-------+----------------------
         Total | 100.0 | 100.0 |  -nan |  -nan | 100.0 | 1507.5
       Dungeon | 100.0 | 100.0 |  -nan |  -nan | 100.0 | 1658.3
               +-------+-------+-------+-------+-------+----------------------
